 Dungeon Crawl Stone Soup version 0.18-a0-1539-g1c7284a (webtiles) character file.

102 GrosslyIncandescent the Insei (level 4, -1/35 HPs)
             Began as a Mummy Monk on Mar 9, 2016.
             Slain by a giant gecko (5 damage)
             ... on level 3 of the Dungeon.
             The game lasted 00:03:00 (4019 turns).

GrosslyIncandescent the Insei (Mummy Monk)          Turns: 4019, Time: 00:03:00

Health: -1/35      AC: -8    Str: 14    XL:     4   Next: 49%
Magic:  4/4        EV: 13    Int: 12    God:
Gold:   85         SH:  0    Dex: 15    Spells: 0 memorised, 3 levels left

rFire  x . .     SeeInvis .       - Unarmed
rCold  + . .     Gourm    .     (no armour)
rNeg   + + +     Faith    .     (no shield)
rPois  ∞         Spirit   .     (no helmet)
rElec  .         Dismiss  .     (no cloak)
rCorr  .         Reflect  .     (no gloves)
SustAt .         Harm     .     (no boots)
MR     .....                    (no amulet)
Stlth  ++........               (no ring)
                                f - +3 ring of intelligence

@: corroded equipment, not resistant to hostile enchantments, unstealthy
A: no food or potions, fire vulnerability, cold resistance 1, negative energy
resistance 3, torment resistance, unbreathing
a: no special abilities


You were on level 3 of the Dungeon.
You were not hungry.

You visited 1 branch of the dungeon, and saw 3 of its levels.

You collected 85 gold pieces.


Innate Abilities, Weirdness & Mutations

You do not eat or drink.
Your flesh is vulnerable to fire.
You are immune to poison.
Your flesh is cold resistant.
You are immune to negative energy.
You are immune to unholy pain and torment.
You can survive without breathing.


   Skills:
 - Level 3.0 Fighting
 - Level 2.4 Dodging
 - Level 1.5 Stealth
 + Level 4.9 Unarmed Combat


You had 3 spell levels left.
You didn't know any spells.

Inventory:

Jewellery
 f - a +3 ring of intelligence (left hand)
Scrolls
 a - 3 scrolls of fear {unknown}
 b - 2 scrolls of fog {unknown}
 c - 5 scrolls of identify {unknown}
 d - a scroll of random uselessness {unknown}
 e - 3 scrolls of teleportation {unknown}
 g - a scroll of magic mapping {unknown}

Dungeon Overview and Level Annotations

Branches:
Dungeon (3/15)

Altars:
The Shining One

Annotations:
D:3 exclusions: 2 orcs and orc priest

..▒ ..▒ .▒ ▒▒▒▒▒▒▒▒▒▒ ▒▒▒▒▒
..▒
▒[▒▒▒▒▒▒▒▒▒........▒▒▒▒....
..▒
▒.▒.....................▒▒▒
..▒
▒.▒................▒▒▒▒▒▒
..▒▒▒▒▒.▒................▒
..).÷÷▒.▒................▒
▒▒▒▒▒.▒(▒........▒▒▒.▒.▒▒▒
........▒......lM▒ ▒.▒.▒
▒.....▒.▒.....%..▒ ▒.▒.▒ ▒▒
▒.....▒.........J▒ ▒.▒.▒ ▒.
▒▒▒.▒.▒..........▒▒▒.▒'▒▒
▒▒ ...................>...▒
▒▒
▒▒▒.▒.▒...▒▒▒.....▒▒▒...▒
▒. ▒.▒.▒.▒.▒ ▒.....▒ ▒..)▒▒
▒. ▒.▒.▒.▒ ▒.....▒
▒....▒▒▒▒▒▒▒▒ ▒.▒.. ▒▒▒▒.▒▒
▒▒▒▒......▒▒.


You could see a jelly and a giant gecko.


Message History

A jelly is nearby!!!
The jelly quivers!
You see here a ring mail!
The jelly hits you!
You are splashed with acid!!!
The acid burns!!!
Things that are here:
a dagger; a goblin skeleton; a quokka skeleton You see here a club!
There is an open door here!
You pummel the jelly like a punching bag!
Your hands burn!!!
The jelly is lightly wounded!
You pulverise the jelly!
Your hands burn!!!
The jelly is moderately wounded!
The jelly barely misses you!
You pound the jelly into fine dust!!!
Your hands burn!!!
The jelly is heavily wounded!
The jelly hits you! * * * don't die
* * * You are splashed with acid!!!
The acid corrodes you!!!
The acid burns!!! * * * don't die
* * *
There is an open door here!
The jelly hits you! * * * don't die
* * * You are splashed with acid!!!
The acid corrodes you!!!
The acid burns!!! * * * don't die
* * *
There is an open door here!
There is a stone staircase leading down here!
A giant gecko comes into view!
The giant gecko bites you! rip

Action                   |  1- 3 |  4- 6 || total
-------------------------+-------+-------++-------
Melee: Unarmed           |   145 |    84 ||   229
 Stab: Sleeping          |     4 |     1 ||     5
       Distracted        |     1 |       ||     1

Vault maps used:
D:1:      minmay_arrival_widening_spiral_narrow, nrook_loot_triangle
D:2:      ecumenical_altar_2
D:3:      nicolae_tso_carved_into_rock

Notes
Turn   | Place    | Note
--------------------------------------------------------------
     0 | D:1      | GrosslyIncandescent the Mummy Monk began the quest for the Orb.
     0 | D:1      | Reached XP level 1. HP: 18/18 MP: 1/1
   329 | D:1      | Reached XP level 2. HP: 17/24 MP: 2/2
  1062 | D:1      | Reached skill level 4 in Unarmed Combat
  1509 | D:1      | Reached XP level 3. HP: 29/29 MP: 3/3
  2173 | D:2      | Found a faded altar to an unknown god.
  2683 | D:3      | Reached XP level 4. HP: 31/35 MP: 4/4
  3577 | D:3      | Found a glowing golden altar of the Shining One.
  3631 | D:3      | HP: 3/35 [worm (6)]
  4001 | D:3      | HP: 2/35 [acid (9)]
  4019 | D:3      | Slain by a giant gecko

Vanquished Creatures
  3 adders
  An ooze (D:2)
  2 worms
  A giant gecko (D:1)
  7 bats
  2 giant cockroaches
  13 goblins
  12 hobgoblins
  4 jackals (D:3)
  2 quokkas
  4 giant newts (D:1)
  3 kobolds
  4 rats
58 creatures vanquished.
